 Dungeon Crawl Stone Soup version 0.19.1 (webtiles) character file.

2916 stigmas the Martial Artist (level 9, -16/65 HPs)
             Began as a Demonspawn Transmuter on Nov 25, 2016.
             Was a Follower of Kikubaaqudgha.
             Killed from afar by Erica (24 damage)
             ... with an orb of energy
             ... on level 8 of the Dungeon.
             The game lasted 00:20:17 (9407 turns).

stigmas the Martial Artist (Demonspawn Transmuter)  Turns: 9407, Time: 00:20:18

Health: -16/65     AC: 13    Str: 13    XL:     9   Next: 50%
Magic:  0/15       EV: 12    Int: 17    God:    Kikubaaqudgha [*.....]
Gold:   358        SH:  0    Dex: 14    Spells: 3 memorised, 7 levels left

rFire  . . .     SeeInvis +       - Unarmed
rCold  . . .     Gourm    .     r - +0 ring mail
rNeg   . . .     Faith    .     (no shield)
rPois  .         Spirit   +     (helmet restricted)
rElec  .         Reflect  .     (no cloak)
rCorr  .         Harm     .     (no gloves)
MR     .....     Rnd*Tele +     D - +0 pair of boots
Stlth  +.........               (no amulet)
                                t - +2 ring of slaying
                                m - ring of see invisible

@: sanguine armour, slowed, invisible, very slow
A: antennae 1, claws 1, strong 1, teleportitis 1, magic shield, magic
regeneration, sanguine armour 1
a: Receive Corpses, Renounce Religion


You were on level 8 of the Dungeon.
You worshipped Kikubaaqudgha.
Kikubaaqudgha was aware of your devotion.
You were not hungry.

You visited 2 branches of the dungeon, and saw 9 of its levels.

You collected 358 gold pieces.

Inventory:

Missiles
 a - 67 arrows
Armour
 b - a +0 robe
 r - a +0 ring mail (worn)
 s - a cursed -1 robe
 D - a +0 pair of boots (worn)
Jewellery
 m - a ring of see invisible (left claw)
 t - a +2 ring of slaying (right claw)
 E - an uncursed ring of poison resistance {unknown}
Wands
 v - a wand of acid (8/15)
 w - a wand of teleportation (4/9)
 F - a wand of flame (26/48)
Scrolls
 l - 4 scrolls of amnesia
 o - a scroll of fear {unknown}
 p - 2 scrolls of teleportation
 u - a scroll of remove curse
 x - a scroll of recharging {unknown}
 y - a scroll of random uselessness {unknown}
 A - a scroll of magic mapping {unknown}
 G - a scroll of enchant armour {unknown}
 H - 3 scrolls of immolation {unknown}
Potions
 e - 2 potions of curing
 f - a potion of brilliance
 g - a potion of haste
 h - 4 potions of degeneration
 j - 2 potions of might
 k - a potion of agility
 q - 2 potions of lignification
 B - a potion of heal wounds
Books
 c - a book of Changes

   Spells                             Type                      Level
   a - Beastly Appendage              Transmutation                1
   b - Sticks to Snakes               Transmutation                2
   c - Spider Form                    Transmutation/Poison         3
   d - Ice Form                       Ice/Transmutation            4
   e - Blade Hands                    Transmutation                5
 C - Kikubaaqudgha's Handbook of Dark Arts
   (Kikubaaqudgha gifted it to you on level 8 of the Dungeon)

   Spells                             Type                      Level
   a - Animate Skeleton               Necromancy                   1
   b - Corpse Rot                     Necromancy                   2
   c - Sublimation of Blood           Necromancy                   2
   d - Vampiric Draining              Necromancy                   3
   e - Control Undead                 Necromancy                   4
Comestibles
 d - 2 bread rations
 n - 3 beef jerkies
 z - 4 fruits


   Skills:
 * Level 4.2 Fighting
 + Level 4.1 Armour
 + Level 3.0 Dodging
 * Level 8.9 Unarmed Combat
 * Level 4.4 Spellcasting
 * Level 4.5 Transmutations


You had 7 spell levels left.
You knew the following spells:

 Your Spells              Type           Power        Failure   Level  Hunger
a - Beastly Appendage     Tmut           ###...       6%          1    None
b - Blade Hands           Tmut           ###.......   96%         5    ######.
c - Vampiric Draining     Necr           #.........   87%         3    ###....


Dungeon Overview and Level Annotations

Branches:
Dungeon (8/15)             Temple (1/1) D:7
   Lair: D:8-11

Altars:
Ashenzari
Dithmenos
Elyvilon
Fedhas
Gozag
Kikubaaqudgha
Qazlal
Ru
Sif Muna
Trog
Uskayaw
Vehumet
Xom
Zin
The Shining One

Annotations:
D:7 1 runed door
D:8 Erica


Innate Abilities, Weirdness & Mutations

You have sharp fingernails.
When hurt, damage is shared between your health and your magic reserves.
You regenerate magic rapidly.
When seriously injured, your bleeding wounds create armour. (AC +6)
You have a pair of small antennae on your head.
Your muscles are strong. (Str +2)
You are occasionally teleported next to monsters.


Message History

Erica hits you but does no damage.
You feel better. Erica gestures at you while chanting.
You feel as though you will be slow longer.
Okay, then.
You closely miss Erica. You claw Erica!
Erica is severely wounded.
Erica gestures at you while chanting. The orb of energy misses you.
The orb of energy explodes!
You scratch Erica.
Erica is almost dead.
Erica hits you with a scimitar of flaming.
* * * LOW HITPOINT WARNING * * *
Erica burns you.
* * * LOW HITPOINT WARNING * * *
You fade into invisibility!
Erica points at you and mumbles some strange words.
The orb of energy hits you!
You die...
Kikubaaqudgha rasps: "You have failed me!
Welcome... death!"

#############
#...........# ##
#.###..####.# ...
#.###..####.#
....####.##.....##.#
.......#.##...#.##.#
... #.#.##...#.##.#
....##.#.......@@..#
..#>..).....###.####
#.####.###### #.#
.......# ##.#
#[####### #..# #.#
....# #.## #.#.....#
#......# ........#
#.....l.# ###.....#
#...##..#


You could see Erica (invisible).

Vanquished Creatures
  Pikel (D:8)
  A hippogriff (D:8)
  4 orc warriors
  2 sky beasts (D:7)
  2 ogres (D:7)
  2 phantoms (D:4)
  An ice beast (D:6)
  A centaur (D:8)
  A crocodile (D:7)
  4 bullfrogs
  2 scorpions (D:7)
  2 bullfrog skeletons
  A jelly (D:8)
  A centaur zombie (D:8)
  4 hounds
  A gnoll shaman (D:6)
  3 orc priests
  2 centaur skeletons
  4 orc wizards
  An iguana (D:8)
  2 worker ants (D:6)
  2 worker ant zombies
  11 gnolls
  6 adders
  3 shadow imps
  An ooze (D:5)
  An adder zombie (D:6)
  2 worms (D:2)
  A dart slug (D:2)
  3 leopard geckos
  17 orcs
  3 ball pythons
  3 bats (D:2)
  4 giant cockroaches
  8 goblins
  4 hobgoblins
  A kobold (D:3)
  5 quokkas
  3 frilled lizards (D:1)
  A leopard gecko skeleton (D:5)
  6 rats
127 creatures vanquished.

Vanquished Creatures (others)
  3 slaves (D:8)
  An ogre (D:8)
  A bullfrog (D:8)
  A howler monkey (D:8)
6 creatures vanquished.

Grand Total: 133 creatures vanquished

Notes
Turn   | Place    | Note
-------+----------+-------------------------------------------
     0 | D:1      | stigmas the Demonspawn Transmuter began the quest for the Orb.
     0 | D:1      | Reached XP level 1. HP: 15/15 MP: 3/3
   443 | D:2      | Reached skill level 3 in Unarmed Combat
   443 | D:2      | Gained mutation: You have sharp fingernails. [demonic ancestry]
   443 | D:2      | Reached XP level 2. HP: 18/21 MP: 3/5
   499 | D:2      | Found a stormy altar of Qazlal.
   735 | D:2      | HP: 1/21 [adder (3)]
   738 | D:2      | Reached XP level 3. HP: 14/26 MP: 6/6
  1722 | D:2      | Found a glowing silver altar of Zin.
  1918 | D:3      | Found a faded altar of an unknown god.
  2204 | D:3      | Found a sacrificial altar of Ru.
  2292 | D:3      | Gained mutation: When hurt, damage is shared between your health and your magic reserves. [demonic ancestry]
  2292 | D:3      | Reached XP level 4. HP: 32/32 MP: 7/7
  2333 | D:3      | Reached skill level 4 in Unarmed Combat
  2624 | D:4      | Noticed a phantom
  2941 | D:3      | Noticed a bullfrog
  2947 | D:3      | Killed a bullfrog
  2947 | D:3      | Reached XP level 5. HP: 35/38 MP: 8/8
  3147 | D:4      | Killed a phantom
  3230 | D:4      | Reached skill level 5 in Unarmed Combat
  3230 | D:4      | Reached XP level 6. HP: 29/44 MP: 8/10
  3537 | D:4      | Reached skill level 1 in Armour
  4070 | D:5      | Entered Level 5 of the Dungeon
  4736 | D:5      | Gained mutation: When seriously injured, your bleeding wounds create armour. (AC +6) [demonic ancestry]
  4736 | D:5      | Reached XP level 7. HP: 47/50 MP: 9/11
  5125 | D:6      | Reached skill level 6 in Unarmed Combat
  6001 | D:7      | Found a staircase to the Ecumenical Temple.
  6011 | Temple   | Entered the Ecumenical Temple
  6239 | Temple   | Became a worshipper of Kikubaaqudgha
  6461 | D:7      | Gained mutation: You regenerate magic rapidly. [demonic ancestry]
  6461 | D:7      | Reached XP level 8. HP: 55/58 MP: 11/13
  6835 | D:7      | Reached skill level 7 in Unarmed Combat
  7320 | D:7      | Found a runed door.
  8122 | D:7      | Reached skill level 8 in Unarmed Combat
  8122 | D:7      | Reached XP level 9. HP: 65/65 MP: 15/15
  8130 | D:7      | Learned a level 5 spell: Blade Hands
  8880 | D:6      | Gained mutation: You occasionally shout uncontrollably at your foes. [potion of mutation]
  8880 | D:6      | Gained mutation: You have a pair of small antennae on your head. [potion of mutation]
  8880 | D:6      | Gained mutation: Your muscles are strong. (Str +2) [potion of mutation]
  8885 | D:6      | Gained mutation: You are occasionally teleported next to monsters. [potion of mutation]
  8885 | D:6      | Gained mutation: Your muscles are very strong. (Str +4) [potion of mutation]
  8885 | D:6      | Gained mutation: You possess an exceptional clarity of mind. [potion of mutation]
  8886 | D:6      | Lost mutation: You occasionally shout uncontrollably at your foes. [potion of cure mutation]
  8886 | D:6      | Lost mutation: Your muscles are very strong. (Str +4) [potion of cure mutation]
  8886 | D:6      | Lost mutation: You possess an exceptional clarity of mind. [potion of cure mutation]
  8990 | D:8      | Noticed Pikel
  9015 | D:8      | Killed Pikel
  9326 | D:8      | Reached * piety under Kikubaaqudgha
  9326 | D:8      | Identified Kikubaaqudgha's Handbook of Dark Arts (Kikubaaqudgha gifted it to you on level 8 of the Dungeon)
  9326 | D:8      | Received a gift from Kikubaaqudgha
  9341 | D:8      | Learned a level 3 spell: Vampiric Draining
  9370 | D:8      | Noticed Erica
  9407 | D:8      | Killed from afar by Erica

Skill      XL: |  1  2  3  4  5  6  7  8  9 |
---------------+----------------------------+-----
Unarmed Combat | 3 4 5 6 8 |  8.9
Transmutations | 2 3 4 |  4.5
Dodging        | 2 3 |  3.0
Fighting       | 2 3 4 |  4.2
Armour         | 1 2 3 4 |  4.1
Spellcasting   | 3 4 |  4.4

Action                   |  1- 3 |  4- 6 |  7- 9 || total
-------------------------+-------+-------+-------++-------
Melee: Unarmed           |   104 |   162 |   338 ||   604
       Kick              |     4 |       |       ||     4
       Punch             |     1 |     3 |    14 ||    18
       Headbutt          |       |     3 |    15 ||    18
 Cast: Beastly Appendage |     3 |     2 |     9 ||    14
  Use: Potion            |     1 |       |     5 ||     6
       Scroll            |     7 |     6 |     3 ||    16
 Stab: Sleeping          |     2 |       |       ||     2
  Eat: Bread ration      |     1 |       |     1 ||     2
       Chunk             |       |     7 |    12 ||    19
Armor: Robe              |    22 |       |       ||    22
       Ring mail         |       |    34 |    90 ||   124
Dodge: Dodged            |    73 |    84 |   161 ||   318
